 Dungeon Crawl Stone Soup version 0.27.1-3-gb3d3a73c9e (webtiles) character file.

Game seed: 16085084239221111725

88 Urokeeper the Sneak (level 4, 0/34 HPs)
             Began as a Vampire Brigand on Oct 19, 2021.
             Slain by an adder (3 damage)
             ... on level 3 of the Dungeon.
             The game lasted 00:06:42 (2490 turns).

Urokeeper the Sneak (Vampire Brigand)               Turns: 2490, Time: 00:06:43

Health: 0/34       AC:  4    Str: 10    XL:     4   Next: 29%
Magic:  4/4        EV: 12    Int: 13    God:
Gold:   78         SH:  0    Dex: 16    Spells: 3/3 levels left

rFire    . . .     SeeInvis +   r - +0 short sword
rCold    . . .     Faith    .   (no shield)
rNeg     . . .     Spirit   .   p - +0 leather armour
rPois    .         Reflect  .   (no helmet)
rElec    .         Harm     .   c - +0 cloak
rCorr    .         Rampage  .   (no gloves)
Will     .....                  (no boots)
Stlth    +++.......             (no amulet)
HPRegen  0.31/turn              (no ring)
MPRegen  0.09/turn              (no ring)

@: lethally poisoned (0 -> -6), attractive, healing quickly
A: alive, fangs 3, see invisible, vampiric 2
a: Exsanguinate


You were on level 3 of the Dungeon.
You visited 1 branch of the dungeon, and saw 3 of its levels.

You collected 78 gold pieces.

Inventory:

Hand Weapons
 a - a +2 dagger
 r - a +0 short sword (weapon)
Missiles
 d - 28 poisoned darts
 e - a curare-tipped dart (quivered)
Armour
 b - a +0 robe
 c - a +0 cloak (worn)
 p - a +0 leather armour (worn)
Jewellery
 g - a ring of ice
Scrolls
 f - a scroll of enchant weapon {unknown}
 i - a scroll of enchant armour
 n - a scroll of acquirement {unknown}
 s - a scroll of identify
 t - a scroll of summoning {unknown}
 u - a scroll of teleportation {unknown}
Potions
 h - a potion of mutation
 k - a potion of cancellation
 l - a potion of degeneration {unknown}
 m - 2 potions of resistance {unknown}
 o - 2 potions of curing {unknown}
 q - a potion of haste {unknown}


   Skills:
 * Level 2.9 Fighting
 + Level 3.0 Short Blades
 - Level 1.5 Throwing
 + Level 2.2 Dodging
 + Level 6.5 Stealth


You had 3 spell levels left.
You didn't know any spells.
Your spell library was empty.

Dungeon Overview and Level Annotations

Branches:
Dungeon (3/15)

Altars:

Portals:
Sewer: D:3

Annotations:
D:3 1 exclusion, Grinder


Innate Abilities, Weirdness & Mutations

Your natural rate of healing is accelerated.
You have razor-sharp teeth.
You have supernaturally acute eyesight. (SInv)
You are afflicted with vampirism and can become a bat while bloodless.


Message History

The adder is almost dead.
The adder barely misses you. The adder bites you.
You barely miss the adder.
The adder is almost dead.
The adder closely misses you.
You hit the adder.
You kill the adder!
The adder bites you.
You hit the adder but do no damage. The adder bites you.
You are poisoned.
The adder poisons you!
Throw: 2 darts (curare)
Press: ? - help, Q - select action, (/) - cycle Shift-Dir - straight line, f - adder
Aim: an adder (42% to hit)
You throw a curare-tipped dart. The curare-tipped dart hits the adder.
The adder is poisoned.
The adder convulses.
The adder seems to slow down.
The adder is severely wounded.
You feel sick. The adder closely misses you.
You hit the adder but do no damage. Your bite misses the adder.
The adder is severely wounded.
You feel sick. The adder barely misses you.
You hit the adder.
The adder is almost dead.
You feel sick.
You barely miss the adder.
The adder is almost dead.
You feel sick. The adder bites you.
* * * LOW HITPOINT WARNING * * *
You closely miss the adder.
The adder is almost dead.
You feel sick. The adder bites you.
* * * LOW HITPOINT WARNING * * *
You are lethally poisoned!
The adder poisons you!
It was a potion of attraction.
You feel attractive to monsters.
* * * LOW HITPOINT WARNING * * *
You feel sick. The adder bites you.
You die...

#...............#
#........#####..#
#####.#..#≈≈≈#..#
#.#..#≈≈≈#..#
#.#..#≈∩≈#..#
#.#..#≈≈≈#..#
#.#..#≈≈≈#..#
#.#..##'##..#
#.#..@S.....#
#.#.#########
#.#.# #.#.# #.#..
#.###############
#...............<
#.###############
#.#


You could see an adder (very poisoned, slow).

Vanquished Creatures
  4 adders
  An ufetubus (D:2)
  A worm (D:2)
  2 dart slugs (D:2)
  A bat (D:1)
  5 endoplasms
  A giant cockroach (D:3)
  2 goblins (D:1)
  4 hobgoblins
  4 jackals (D:1)
  2 quokkas
  3 ball pythons
  A frilled lizard (D:2)
  6 kobolds
  3 rats
40 creatures vanquished.

Notes
Turn   | Place    | Note
-------+----------+-------------------------------------------
     0 | D:1      | Urokeeper the Vampire Brigand began the quest for the Orb.
     0 | D:1      | Reached XP level 1. HP: 16/16 MP: 1/1
    99 | D:1      | Reached skill level 6 in Stealth
   102 | D:1      | Reached XP level 2. HP: 16/22 MP: 2/2
  1171 | D:2      | Gained mutation: You are afflicted with vampirism and can
                  | become a bat while bloodless. [Vampire growth]
  1171 | D:2      | Reached XP level 3. HP: 17/28 MP: 3/3
  1527 | D:2      | Found a faded altar of an unknown god.
  2194 | D:3      | Noticed Grinder
  2288 | D:3      | Reached XP level 4. HP: 23/34 MP: 4/4
  2401 | D:3      | Found a glowing drain.
  2490 | D:3      | Slain by an adder

Illustrated notes

Levels and vault maps discovered:
D:1:      dpeg_arrival_shrine, layout_loops_corners
D:2:      layout_basic, hellmonk_ecumenical_altar_run_dry,
          minmay_strange_pillars, minmay_misc_feat_encased, solitary_fountain,
          glass_columns_b
D:3:      layout_basic, gup_sewer_entry_glass, lemuel_another_geyser,
          uniq_grinder

Skill      XL: |  1  2  3  4 |
---------------+-------------+-----
Fighting       | 2 |  2.9
Stealth        | 6 |  6.5
Dodging        | 2 |  2.2
Short Blades   | 3 |  3.0
Throwing       | |  1.5

Action                   |  1- 3 |  4- 6 || total
-------------------------+-------+-------++-------
Melee: Dagger            |    91 |       ||    91
       Bite              |     5 |     2 ||     7
       Short sword       |    29 |    30 ||    59
Throw: Dart              |     6 |     1 ||     7
  Use: Scroll            |     2 |       ||     2
       Potion            |     1 |     1 ||     2
 Stab: Sleeping          |    12 |       ||    12
Armor: Robe              |    18 |       ||    18
       Leather armour    |     4 |     6 ||    10
Dodge: Dodged            |    68 |    18 ||    86
